 Dungeon Crawl Stone Soup version 0.27-a0-1139-g28e009f8a6 (webtiles) character file.

Game seed: 18204594325827115334

66 leviel the Shield-Bearer (level 3, -2/33 HPs)
             Began as a Minotaur Fighter on May 7, 2021.
             Was a Believer of Wu Jian.
             Slain by Natasha (7 damage)
             ... on level 2 of the Dungeon.
             The game lasted 00:02:08 (1371 turns).

leviel the Shield-Bearer (Minotaur Fighter)         Turns: 1371, Time: 00:02:09

Health: -2/33      AC:  8    Str: 20    XL:     3   Next: 96%
Magic:  2/2        EV:  7    Int:  5    God:    Wu Jian [**....]
Gold:   61         SH:  9    Dex: 10    Spells: 2/2 levels left

rFire    . . .     SeeInvis .   a - +0 war axe
rCold    . . .     Faith    .   c - +0 kite shield
rNeg     . . .     Spirit   .   b - +0 scale mail
rPois    .         Reflect  .   (helmet restricted)
rElec    .         Harm     .   (no cloak)
rCorr    +         Rampage  .   (no gloves)
Will     .....                  h - +0 pair of boots
Stlth    ..........             (no amulet)
HPRegen  0.11/turn              n - ring of resist corrosion
MPRegen  0.08/turn              (no ring)

@: slowed, very slow
A: horns 2, retaliatory headbutt
a: Renounce Religion, Wall Jump


You were on level 2 of the Dungeon.
You worshipped Wu Jian.
Wu Jian was pleased with you.
You visited 1 branch of the dungeon, and saw 2 of its levels.

You collected 61 gold pieces.

Inventory:

Hand Weapons
 a - a +0 war axe (weapon)
Armour
 b - a +0 scale mail (worn)
 c - a +0 kite shield (worn)
 h - a +0 pair of boots (worn)
Jewellery
 n - a ring of resist corrosion (left hand)
Scrolls
 f - a scroll of acquirement {unknown}
 g - a scroll of enchant armour {unknown}
 j - a scroll of magic mapping {unknown}
 k - a scroll of amnesia {unknown}
 l - a scroll of fog {unknown}
 m - a scroll of vulnerability {unknown}
 o - a scroll of immolation {unknown}
Potions
 d - a potion of might
 e - a potion of curing {unknown}
 i - a potion of berserk rage {unknown}


   Skills:
 + Level 4.1 Fighting
 + Level 3.4 Axes
 + Level 4.1 Armour
 + Level 0.5 Dodging
 + Level 4.4 Shields


You had 2 spell levels left.
You didn't know any spells.
Your spell library contained the following spells:

 Spells                   Type           Power      Damage    Failure   Level
 Corona                   Hex            0%         N/A       99%         1
 Ensorcelled Hibernation  Hex/Ice        0%         N/A       100%        2
 Confusing Touch          Hex            0%         N/A       100%        3
 Dazzling Flash           Conj/Hex       0%         N/A       100%        3
 Tukima's Dance           Hex            0%         N/A       100%        3


Dungeon Overview and Level Annotations

Branches:
Dungeon (2/15)

Altars:
Wu Jian

Annotations:
D:2 Natasha


Innate Abilities, Weirdness & Mutations

You have a pair of horns on your head.
You reflexively headbutt those who attack you in melee.


Message History

The white imp hits you but does no damage.
The endoplasm hits you but does no damage.
You spin to attack Natasha, but your attack speed is too slow for a blow to land.
You block Natasha's attack. Natasha casts a spell at you.
The magic dart hits you!
The endoplasm hits you but does no damage.
You hit Natasha. Your headbutt misses Natasha.
Natasha is moderately wounded.
You hit the endoplasm. You block Natasha's attack.
The endoplasm hits you but does no damage.
Natasha mumbles some strange words.
You block the endoplasm's attack.
You barely miss Natasha. Your headbutt misses Natasha.
Natasha is moderately wounded.
You hit the endoplasm.
You kill the endoplasm!
The Council accepts your kill. Natasha barely misses you.
You furiously retaliate!
You headbutt Natasha. The white imp gestures at you.
The puff of frost hits you!
* * * LOW HITPOINT WARNING * * *
Natasha claws you but does no damage. Natasha barely misses you.
Natasha barely misses you. You furiously retaliate!
You headbutt Natasha.
The endoplasm quivers.
Natasha stares at you and mumbles some strange words.
The magic dart hits you.
* * * LOW HITPOINT WARNING * * *
The white imp disappears in a puff of smoke!
You slash the endoplasm!
You kill the endoplasm!
The Council accepts your kill.
You can now perform airborne attacks.
You block Natasha's attack. Natasha casts a spell at you.
You resist with significant effort.
You completely miss Natasha.
Natasha is heavily wounded.
Natasha claws you!
You die...

# ### . ..# # #.# ##### #.#
#...
####.#############5#########
................@hJ§........
####.#############.#§#####.#
...................#.......#
#
####.############..#5)......
...#.# ##.##..#.......#..###
##.#.###
#......###.#+#.#.....
.#.#...# #........#.#
..#.#.## .#.#...#
#.^......#...........
...#...#
##.###...###.#.#.####


You could see Natasha, a shadow imp (summoned) and an endoplasm.

Vanquished Creatures
  An adder (D:2)
  A dart slug (D:2)
  8 endoplasms
  2 giant cockroaches (D:1)
  4 goblins (D:2)
  3 hobgoblins
  6 jackals (D:1)
  3 quokkas
  7 ball pythons
  2 bats
  2 frilled lizards
  6 kobolds
  4 rats
49 creatures vanquished.

Notes
Turn   | Place    | Note
-------+----------+-------------------------------------------
     0 | D:1      | leviel the Minotaur Fighter began the quest for the Orb.
     0 | D:1      | Reached XP level 1. HP: 19/19 MP: 0/0
   119 | D:1      | Reached XP level 2. HP: 25/27 MP: 1/1
   369 | D:1      | Reached XP level 3. HP: 27/33 MP: 2/2
   558 | D:1      | Found a faded altar of an unknown god.
   614 | D:1      | Became a worshipper of the Wu Jian Council
   614 | D:1      | Reached * piety under Wu Jian
  1353 | D:2      | Noticed Natasha
  1370 | D:2      | Reached ** piety under Wu Jian
  1371 | D:2      | Slain by Natasha

Illustrated notes

Levels and vault maps discovered:
D:1:      matt_arrival_diagonals, layout_rooms,
          hellmonk_ecumenical_altar_inner_sanctum, minivault_4
D:2:      layout_basic, minmay_misc_feat_secret_circle, uniq_natasha

Skill      XL: |  1  2 |
---------------+-------+-----
Shields        | 4 |  4.4
Fighting       | 4 |  4.1
Axes           | 3 |  3.4
Armour         | 4 |  4.1
Dodging        | |  0.5

Action                   || total
-------------------------++-------
Melee: War axe           ||   102
       Headbutt          ||    13
Invok: Whirlwind         ||    14
       Lunge             ||     5
Armor: Scale mail        ||    53
Dodge: Dodged            ||    35
Block: Kite shield       ||    62

Table legend: (Time is in decaauts)
 A = Elapsed time spent in this place.
 B = Non-inter-level travel time spent in this place.
 C = Inter-level travel time spent in this place.
 D = Time resting spent in this place.
 E = Time spent auto-exploring this place.
 F = Levels seen in this place.
 G = Mean time per level.
                   A        B        C        D        E       F      G
               +--------+--------+--------+--------+--------+-----+--------+
         Total |   1425 |   1379 |     46 |      0 |   1102 |   2 |  712.5 |
       Dungeon |   1425 |   1379 |     46 |      0 |   1102 |   2 |  712.5 |
               +--------+--------+--------+--------+--------+-----+--------+

Top non-repeatable levels by time:
     D:2: 760 daAuts
     D:1: 665 daAuts
